 Dungeon Crawl Stone Soup version 0.31-a0-1620-gcbf77bbcfc (webtiles) character file.

Game seed: 5155063298934694155

123006 Midn8 the Brawler (level 16, -1/174 HPs)
             Began as a Troll Cinder Acolyte on Jan 11, 2024.
             Was a Believer of Wu Jian.
             Slain by a fire elemental (11 damage)
             ... led by Azrael
             ... on level 2 of the Orcish Mines.
             The game lasted 01:18:37 (22820 turns).

Midn8 the Brawler (Troll Cinder Acolyte)           Turns: 22820, Time: 01:18:38

Health: -1/174     AC: 10    Str: 28    XL:     16   Next: 36%
Magic:  16/16      EV: 14    Int: 15    God:    Wu Jian [**....]
Gold:   430        SH:  9    Dex:  7    Spells: 10/17 levels left

rFire   . .          .
                       - Unarmed
rCold   . . .        d - +0 kite shield
rNeg    . . .        H - +0 troll leather armour
rPois   +            Q - +2 hat {Int+3}
rElec   .            n - +2 cloak {Will+}
rCorr   .            (gloves unavailable)
SInv    .            (boots unavailable)
Will    ++...        X - amulet of regeneration
Stlth   +            t - +5 ring of evasion
HPRegen 2.89/turn    I - ring of poison resistance
MPRegen 0.15/turn

%: no passive effects
@: studying 3 skills, fire susceptible
A: large, unfitting armour, claws 3, regeneration 1, shaggy fur 1, tough skin 1
a: Renounce Religion, Wall Jump


You were on level 2 of the Orcish Mines.
You worshipped Wu Jian.
Wu Jian was pleased with you.
You visited 4 branches of the dungeon, and saw 23 of its levels.
You also visited: Ice Cave.

You collected 2670 gold pieces.
You spent 2240 gold pieces at shops.

Inventory:

Hand Weapons
 a - the +7 sling of True Grit {heavy, rPois rN++}
   (You took it off a gnoll on level 5 of the Dungeon)

   rPois:     It protects you from poison rN++: It greatly protects you from
   negative energy.
Missiles
 b - 27 boomerangs (quivered)
 q - 22 poisoned darts
 x - 3 datura-tipped darts
 B - a throwing net
 L - 7 large rocks
 Z - 3 javelins
Armour
 d - a +0 kite shield (worn)
 n - a +2 cloak of willpower (worn)
 H - a +0 troll leather armour (worn)
 Q - a +2 hat of intelligence (worn)
Jewellery
 t - a +5 ring of evasion (left claw)
 y - a +6 ring of dexterity
 D - a ring of resist corrosion
 G - a +6 ring of intelligence
 I - a ring of poison resistance (right claw)
 O - a ring of ice
 U - the ring "Uleamad" {rN+ Dex+2 SInv}
   (You found it on level 5 of the Lair of Beasts)

   [ring of positive energy]

   Dex+2:     It affects your dexterity (+2).
   rN+:       It protects you from negative energy.
   SInv:      It lets you see invisible.
 X - an amulet of regeneration (around neck)
Wands
 h - a wand of polymorph (5)
 m - a wand of flame (49)
 F - a wand of acid (18)
 M - a wand of paralysis (12)
 W - a wand of mindburst (10)
Scrolls
 i - 4 scrolls of vulnerability
 l - 7 scrolls of teleportation
 p - 2 scrolls of revelation
 r - 3 scrolls of amnesia
 s - a scroll of silence
 u - a scroll of enchant armour
 z - 3 scrolls of poison
 A - 3 scrolls of blinking
 C - a scroll of summoning
 E - 2 scrolls of immolation
 J - 3 scrolls of enchant weapon
 P - 2 scrolls of brand weapon
 T - a scroll of fear
 V - 4 scrolls of identify
 Y - 2 scrolls of fog
Potions
 c - 4 potions of haste
 e - 5 potions of enlightenment
 f - 4 potions of attraction
 g - 4 potions of invisibility
 j - 7 potions of curing
 k - 3 potions of mutation
 o - 2 potions of magic
 v - a potion of resistance
 K - a potion of ambrosia
 N - 4 potions of lignification
 R - 3 potions of might
 S - a potion of degeneration


   Skills:
 - Level 14.4 Fighting
 + Level 11.7 Throwing
 - Level 3.4 Dodging
 - Level 8.0 Shields
 - Level 20.0 Unarmed Combat
 - Level 1.0 Spellcasting
 - Level 4.0 Translocations
 - Level 4.0 Fire Magic
 - Level 6.0 Ice Magic


You had 10 spell levels left.
You knew the following spells:

 Your Spells              Type           Power      Damage    Failure   Level
f - Frozen Ramparts       Ice            36%        1d6       12%         3
s - Scorch                Fire           24%        2d6       14%         2
B - Blink                 Tloc           24%        N/A       14%         2

Your spell library contained the following spells:

 Spells                   Type           Power      Damage    Failure   Level
 Lesser Beckoning         Tloc           24%        N/A       14%         2
 Ensorcelled Hibernation  Hex/Ice        18%        N/A       21%         2
 Momentum Strike          Conj/Tloc      12%        3d8       30%         2
 Magic Dart               Conj           0%         1d3       43%         1
 Slow                     Hex            0%         N/A       43%         1
 Call Imp                 Summ           0%         N/A       56%         2
 Passage of Golubria      Tloc           12%        N/A       65%         4
 Confusing Touch          Hex            0%         N/A       80%         3
 Fugue of the Fallen      Necr           0%         N/A       80%         3
 Sigil of Binding         Hex            0%         N/A       80%         3
 Tukima's Dance           Hex            0%         N/A       80%         3
 Vampiric Draining        Necr           0%         2d6       80%         3
 Dimensional Bullseye     Hex/Tloc       3%         N/A       90%         4
 Ignite Poison            Fire/Alch      6%         N/A       90%         4
 Iskenderun's Mystic Bla  Conj/Tloc      6%         2d4       90%         4
 Sticky Flame             Fire/Alch      6%         2d4       90%         4
 Metabolic Englaciation   Hex/Ice        4%         N/A       98%         5
 Anguish                  Hex/Necr       0%         N/A       99%         4
 Brom's Barrelling Bould  Conj/Erth      0%         2d3       99%         4
 Leda's Liquefaction      Alch/Erth      0%         N/A       99%         4
 Petrify                  Alch/Erth      0%         N/A       99%         4
 Fireball                 Conj/Fire      3%         3d4       99%         5
 Iskenderun's Battlesphe  Conj           0%         2d6       100%        5
 Silence                  Hex/Air        0%         N/A       100%        5
 Conjure Ball Lightning   Conj/Air       0%         3x3d6     100%        6
 Sculpt Simulacrum        Ice/Alch       4%         N/A       100%        6
 Orb of Destruction       Conj           0%         9d5       100%        7
 Ozocubu's Refrigeration  Ice            9%         4d9       100%        7
 Ignition                 Fire           6%         3d4       100%        8
 Lehudib's Crystal Spear  Conj/Erth      0%         10d2      100%        8
 Polar Vortex             Ice            9%         12d1*     100%        9


Dungeon Overview and Level Annotations

Branches:
Dungeon (15/15)            Temple (1/1) D:4            Lair (5/5) D:9
  Swamp (0/4) Lair:3       Spider (0/4) Lair:3        Slime (0/5) Lair:4
    Orc (2/2) D:12         Vaults (0/5) D:13         Depths (0/4) D:15
  IceCv (visited)
    Elf: Orc:2

Altars:
Ashenzari
Cheibriados
Dithmenos
Elyvilon
Fedhas
Gozag
Hepliaklqana
Kikubaaqudgha
Makhleb
Nemelex Xobeh
Okawaru
Qazlal
Ru
Sif Muna
Trog
Uskayaw
Vehumet
Wu Jian
Xom
Yredelemnul
Zin
The Shining One

Shops:
D:4 :

Annotations:
D:6 exclusion: oklob plant
Lair:3 1 runed translucent door, whatisthis's ghost, adept HOMo
Lair:5 exclusion: obsidian statue


Innate Abilities, Weirdness & Mutations

You are too large for most types of armour.
You have claws for hands.
Your natural rate of healing is unusually fast.
You are covered in fur. (AC +1)
You have tough skin. (AC +1)


Message History

You block the hell hound's attack. The fire elemental barely misses you.
You closely miss the hell hound.
The hell hound is almost dead.
The hell hound breathes flames at you. The blast of flame hits you!!
* * * LOW HITPOINT WARNING * * *
You block the fire elemental's attack. The fire elemental hits you.
The fire elemental burns you!
* * * LOW HITPOINT WARNING * * *
You closely miss the hell hound.
The hell hound is almost dead.
You block the hell hound's attack. The fire elemental hits you.
The fire elemental burns you!
* * * LOW HITPOINT WARNING * * *
The fire elemental hits you.
* * * LOW HITPOINT WARNING * * *
The fire elemental burns you!
* * * LOW HITPOINT WARNING * * *
You miss the hell hound.
The hell hound is almost dead.
The hell hound barely misses you. The fire elemental hits you.
The fire elemental burns you!
* * * LOW HITPOINT WARNING * * *
The fire elemental closely misses you.
Unknown command.
You spin and attack the fire elemental.
You barely miss the fire elemental.
The fire elemental is almost destroyed.
The fire elemental hits you.
* * * LOW HITPOINT WARNING * * *
The fire elemental burns you!
* * * LOW HITPOINT WARNING * * *
The hell hound closely misses you.
You feel much better. The fire elemental misses you. The hell hound bites you.
* * * LOW HITPOINT WARNING * * *
The fire elemental hits you. The fire elemental burns you!
* * * LOW HITPOINT WARNING * * *
The fire elemental hits you.
* * * LOW HITPOINT WARNING * * *
The fire elemental burns you!
You die...

.....# ......
....... .###...
#.#.... ..#....
#..... .....#
##...#.## .....#.
......#E##.......
......)h@#.......
.......○E#.$......
........#.....#..
.......#).......$.
.........).#.##.#.
##.......$.....#.
#.....#)........#
##......)........#
##.........$......#


You could see 2 fire elementals and a hell hound.

Vanquished Creatures
  Gastronok (Lair:1)
  The ghost of Iseir the Thaumaturge, a journeyman DjFE of Cheibriados (Lair:5)
  A reaper (IceCv)
  An orc warlord (Orc:2)
  A very ugly thing (D:15)
  6 dire elephants
  Azrael (Orc:2)
  A great orb of eyes (D:15)
  A ghost crab (Lair:3)
  8 hydras
  2 catoblepae
  3 centaur warriors
  An anaconda (Lair:2)
  3 two-headed ogres
  Erolcha (Orc:2)
  14 death yaks
  2 boulder beetles
  A tengu warrior (D:15)
  A deep troll earth mage (D:13)
  3 orc high priests (Orc:2)
  Sonja (Orc:2)
  A spectral death yak (Lair:5)
  A spectral anaconda (Lair:5)
  6 skeletal warriors
  2 deep elf pyromancers
  5 necromancers (Lair:5)
  5 orc knights
  13 ugly things
  3 orc sorcerers
  3 manticores
  A wolf spider (Lair:3)
  2 cyclopes
  29 elephants
  A black mamba (shapeshifter) (D:15)
  4 kobold blastminers
  A dire elephant zombie (Lair:5)
  2 ice statues (IceCv)
  7 black mambas
  2 gargoyles
  A torpor snail (Lair:4)
  18 cane toads
  An unseen horror (shapeshifter) (D:13)
  2 unseen horrors
  A freezing wraith (D:9)
  14 komodo dragons
  A tengu conjurer (D:15)
  4 rime drakes
  2 anaconda simulacra (IceCv)
  7 ice devils (IceCv)
  6 trolls
  A hornet (D:8)
  3 polar bears
  5 blink frogs (Lair:1)
  A spectral dream sheep (Lair:3)
  21 slime creatures
  5 shadows
  A centaur simulacrum (D:11)
  A culicivora (Lair:3)
  4 wyverns
  4 wraiths
  97 yaks
  A vampire (D:9)
  2 dire elephant simulacra (IceCv)
  4 fire elementals
  A warg (Orc:1)
  5 basilisks
  4 steam dragons
  8 death yak simulacra
  14 vampire mosquitoes
  3 harpy simulacra (IceCv)
  An acid dragon (D:13)
  5 hydra simulacra
  2 hell hounds (Orc:2)
  20 water moccasins
  26 orc warriors
  A meliai simulacrum (D:11)
  An elephant zombie (Lair:5)
  A spectral blink frog (Lair:3)
  8 ice beasts
  A swamp drake (shapeshifter) (D:13)
  12 ogres
  19 wolves
  11 centaurs
  A phantom (D:6)
  A kobold brigand (D:6)
  A spectral basilisk (Lair:3)
  23 bullfrogs
  2 scorpions
  4 wights (D:7)
  A cane toad simulacrum (Lair:5)
  6 killer bees
  4 elephant simulacra (Lair:5)
  6 howler monkeys
  7 electric eels
  2 bombardier beetles
  9 hounds
  4 jellies
  Crazy Yiuf (D:2)
  23 orc priests
  15 orc wizards
  A sleepcap (D:5)
  3 iguanas
  8 hell rats
  2 troll simulacra (IceCv)
  Robin (D:4)
  2 adders (D:2)
  9 gnolls
  A shadow imp (D:6)
  6 white imps
  3 hell rat simulacra (Lair:5)
  An ufetubus (IceCv)
  2 dart slugs
  3 ribbon worms (D:3)
  76 orcs
  2 bats (D:1)
  5 endoplasms
  5 giant cockroaches
  15 goblins
  9 hobgoblins
  6 quokkas
  5 ball pythons
  4 frilled lizards
  16 kobolds
  4 rats
791 creatures vanquished.

Vanquished Creatures (others)
  A cane toad (Lair:3)
1 creature vanquished.

Grand Total: 792 creatures vanquished

Notes
Turn   | Place    | Note
-------+----------+-------------------------------------------
     0 | D:1      | Midn8 the Troll Cinder Acolyte began the quest for the Orb.
     0 | D:1      | Reached XP level 1. HP: 22/22 MP: 1/1
    55 | D:1      | Reached XP level 2. HP: 29/29 MP: 2/2
   177 | D:1      | Reached skill level 4 in Unarmed Combat
   313 | D:1      | Reached XP level 3. HP: 36/36 MP: 3/3
   926 | D:2      | Reached XP level 4. HP: 43/44 MP: 4/4
  1049 | D:2      | Found a runed translucent door.
  1050 | D:2      | Noticed Crazy Yiuf
  1314 | D:2      | Killed Crazy Yiuf
  1315 | D:2      | Reached skill level 5 in Unarmed Combat
  1822 | D:3      | Found a snail-covered altar of Cheibriados.
  1846 | D:3      | Reached XP level 5. HP: 48/50 MP: 5/5
  1892 | D:3      | Noticed an ogre
  1899 | D:3      | Killed an ogre
  1900 | D:3      | Reached skill level 6 in Unarmed Combat
  1911 | D:3      | Learned a level 2 spell: Scorch
  1931 | D:3      | Found a white marble altar of Elyvilon.
  2252 | D:4      | Reached XP level 6. HP: 59/59 MP: 6/6
  2255 | D:4      | Found a staircase to the Ecumenical Temple.
  2267 | Temple   | Entered the Ecumenical Temple
  2308 | D:4      | Reached skill level 7 in Unarmed Combat
  2346 | D:4      | Found a glowing golden altar of the Shining One.
  2514 | D:4      | Reached skill level 8 in Unarmed Combat
  2514 | D:4      | Reached XP level 7. HP: 66/66 MP: 7/7
  2695 | D:4      | Found Fujoph's Self-Improvement Boutique.
  2840 | D:4      | Noticed Robin
  2853 | D:4      | Killed Robin
  2983 | D:5      | Entered Level 5 of the Dungeon
  3270 | D:5      | Found an ancient bone altar of Kikubaaqudgha.
  3427 | D:5      | Identified the +10 mace "Onucagh" {antimagic, rC- Str+5
                  | Dex+4}
  3427 | D:5      | Identified the +7 sling of True Grit {heavy, rPois rN++}
  3440 | D:5      | Reached skill level 5 in Fighting
  3612 | D:6      | Reached XP level 8. HP: 81/81 MP: 3/8
  3762 | D:6      | Reached skill level 1 in Throwing
  3775 | D:6      | Found an opulent altar of Gozag.
  3776 | D:6      | Found a broken altar of Ashenzari.
  3779 | D:6      | Found a radiant altar of Vehumet.
  3781 | D:6      | Found a stormy altar of Qazlal.
  3781 | D:6      | Found a basalt altar of Yredelemnul.
  3958 | D:6      | Found a hazy altar of Hepliaklqana.
  4464 | D:6      | Found a blossoming altar of Fedhas.
  4504 | D:6      | Noticed an oklob plant
  4817 | D:7      | Reached skill level 9 in Unarmed Combat
  4891 | D:7      | Reached XP level 9. HP: 89/89 MP: 9/9
  4906 | D:7      | Learned a level 2 spell: Blink
  4959 | D:7      | Found an ornate altar of the Wu Jian Council.
  5128 | D:7      | Reached skill level 10 in Unarmed Combat
  5163 | D:7      | Reached skill level 1 in Shields
  5399 | D:8      | Paralysed by a hornet for 3 turns
  5507 | D:8      | Reached skill level 5 in Shields
  5587 | D:8      | Found a sacrificial altar of Ru.
  5682 | D:8      | Found a bloodstained altar of Trog.
  5883 | D:9      | Noticed a troll
  5887 | D:9      | Found a staircase to the Lair.
  5893 | D:9      | Killed a troll
  5920 | D:9      | Reached XP level 10. HP: 69/102 MP: 10/10
  6232 | D:9      | Noticed a two-headed ogre
  6245 | D:9      | Killed a two-headed ogre
  6246 | D:9      | Reached skill level 1 in Translocations
  6497 | D:9      | Noticed a centaur warrior
  6574 | D:9      | Killed a centaur warrior
  6589 | D:9      | Noticed a cyclops
  6634 | D:9      | Killed a cyclops
  6896 | D:10     | Entered Level 10 of the Dungeon
  6904 | D:10     | Reached skill level 11 in Unarmed Combat
  7057 | D:10     | Reached XP level 11. HP: 111/111 MP: 11/11
  7142 | D:10     | Reached skill level 12 in Unarmed Combat
  7496 | D:10     | Noticed a two-headed ogre
  7530 | D:10     | Killed a two-headed ogre
  7531 | D:10     | Reached skill level 5 in Throwing
  7952 | Lair:1   | Entered Level 1 of the Lair of Beasts
  8209 | Lair:1   | Reached skill level 13 in Unarmed Combat
  8360 | Lair:1   | Reached XP level 12. HP: 119/119 MP: 12/12
  8375 | Lair:1   | Noticed Gastronok
  8484 | Lair:1   | Killed Gastronok
  8593 | Lair:1   | Reached skill level 14 in Unarmed Combat
  9215 | Lair:2   | Found a frozen archway.
  9263 | IceCv    | Entered an ice cave
  9438 | IceCv    | Reached skill level 10 in Fighting
 10007 | IceCv    | Noticed a reaper
 10016 | IceCv    | Killed a reaper
 10083 | IceCv    | Identified the +5 trident of the Kissing Gods {drain,
                  | +Blink rF+ Will+ Int+5}
 10241 | Lair:2   | Reached XP level 13. HP: 96/133 MP: 13/13
 10431 | Lair:2   | Identified the +2 pair of gloves of the Constellations
                  | {Str+3}
 10968 | Lair:2   | Noticed a dire elephant
 10969 | Lair:2   | Reached skill level 1 in Dodging
 10976 | Lair:2   | Noticed a dire elephant
 10988 | Lair:2   | Killed a dire elephant
 11104 | Lair:2   | Killed a dire elephant
 11400 | Lair:2   | Identified the +2 sling "Jaiff" {drain, rN+ rCorr Str+3
                  | Dex-2}
 11737 | Lair:3   | Found a runed translucent door.
 11738 | Lair:3   | Noticed whatisthis's ghost (adept HOMo)
 11919 | Lair:3   | Reached skill level 10 in Throwing
 12115 | Lair:3   | Found a staircase to the Swamp.
 12340 | Lair:3   | Found a hole to the Spider Nest.
 12349 | Lair:3   | Reached skill level 15 in Unarmed Combat
 12804 | Lair:4   | Reached XP level 14. HP: 143/143 MP: 14/14
 12971 | Lair:4   | Found a staircase to the Slime Pits.
 13265 | Lair:4   | Reached skill level 16 in Unarmed Combat
 13270 | Lair:4   | Reached skill level 1 in Ice Magic
 13568 | D:4      | Bought a manual of Unarmed Combat for 1120 gold pieces
 13877 | Lair:5   | Entered Level 5 of the Lair of Beasts
 13899 | Lair:4   | HP: 8/214 [wyvern (3)]
 14059 | Lair:5   | Learned a level 3 spell: Frozen Ramparts
 14214 | Lair:5   | Reached skill level 5 in Ice Magic
 14568 | Lair:5   | Reached skill level 17 in Unarmed Combat
 14890 | Lair:5   | Reached skill level 18 in Unarmed Combat
 15365 | Lair:5   | Identified the +7 broad axe of the Gloaming {antimagic,
                  | *Rage Dex+4}
 15461 | Lair:5   | Reached XP level 15. HP: 132/154 MP: 15/15
 15766 | Lair:5   | Identified the ring "Uleamad" {rN+ Dex+2 SInv}
 15884 | Lair:5   | Found a large runed translucent door.
 15884 | Lair:5   | Found a large runed translucent door.
 15885 | Lair:5   | Noticed Iseir's ghost (journeyman DjFE)
 16233 | Lair:5   | Killed Iseir's ghost
 16236 | Lair:5   | Identified the +1 scale mail of Soelad {rC+ rN++}
 17667 | D:12     | Found a staircase to the Orcish Mines.
 18455 | D:13     | Reached skill level 19 in Unarmed Combat
 18529 | D:13     | You fall into a shaft and drop 2 floors!
 18529 | D:15     | Entered Level 15 of the Dungeon
 18640 | D:15     | Identified a scroll of acquirement
 18641 | D:15     | Acquired 610 gold pieces
 18884 | D:15     | Found a broken altar of Ashenzari.
 19410 | D:13     | Found a gate to the Vaults.
 19419 | D:13     | Reached skill level 20 in Unarmed Combat
 20592 | D:15     | Reached XP level 16. HP: 171/171 MP: 16/16
 20743 | D:15     | Found a staircase to the Depths.
 21086 | D:7      | Fell from the grace of Ignis
 21086 | D:7      | Became a worshipper of the Wu Jian Council
 21210 | Orc:1    | Entered Level 1 of the Orcish Mines
 21486 | Orc:1    | Reached * piety under Wu Jian
 21684 | D:4      | Bought a manual of Throwing for 1120 gold pieces
 21991 | Orc:2    | Entered Level 2 of the Orcish Mines
 21996 | Orc:2    | Noticed Erolcha
 22006 | Orc:2    | Killed Erolcha
 22138 | Orc:2    | Noticed Sonja
 22141 | Orc:2    | Killed Sonja
 22409 | Orc:2    | Reached ** piety under Wu Jian
 22795 | Orc:2    | Noticed Azrael
 22806 | Orc:2    | Killed Azrael
 22819 | Orc:2    | HP: 4/174 [fire elemental[Azrael] (13)]
 22820 | Orc:2    | Slain by a fire elemental

Illustrated notes

Levels and vault maps discovered:
D:1:      lightli_arrival_windingriver, layout_basic, minivault_4
D:2:      layout_loops_ring, uniq_crazy_yiuf_cottage
D:3:      layout_loops_cross, slow_altar_1, elyvilon_altar_3,
          kennysheep_generic_room_7
D:4:      layout_rooms, kennysheep_little_box,
          minmay_temple_entry_gardened_gates, serial_bayou,
          serial_bayou_lagoon_a, serial_bayou_pond_b, serial_bayou_pond_c,
          serial_bayou_shore_a, serial_bayou_shore_b, nicolae_shop_self_help,
          uniq_robin
D:5:      layout_basic, nicolae_kikubaaqudgha_miasma_corner,
          chequers_serial_rivers_room_b, hangedman_decor_growths, abandoned_shop
D:6:      layout_basic, mainiacjoe_overflow_boulevard,
          grunt_temple_overflow_open, tgw_fedhas
D:7:      layout_basic, mainiacjoe_overflow_alcove_1
D:8:      layout_rooms, nicolae_ru_path_of_blood, amcnicky_altar_gilded
D:9:      nzn_winding_woodlands_three_and_one
          [nzn_winding_woodlands_5x15_pathside_ponds,
          nzn_winding_woodlands_5x15_default,
          nzn_winding_woodlands_5x15_sidewinder,
          nzn_winding_woodlands_center_lodge], layout_irregular_city,
          erik_lair_island
D:10:     layout_roguey, hangedman_corner_corridor
D:11:     layout_roguey, serial_ice, serial_ice_f, serial_ice_i, serial_ice_n,
          serial_ice_e, serial_ice_g
D:12:     layout_cave_pools, orc_0_dummy
D:13:     layout_loops_ring, hellmonk_vaults_attempted_burglary,
          kennysheep_generic_room_6
D:14:     layout_basic
D:15:     gammafunk_enter_depths_forms, layout_layer_cave, grunt_decor_fettered,
          reono_crystal_passage, nicolae_ashenzari_panopticon
Temple:   nicolae_temple_superstar
Lair:1:   layout_chaotic_city, grunt_megastairs_1, uniq_gastronok
Lair:2:   layout_loops_ring, portal_ice_cave_entry_pillars_1,
          nicolae_lair_lakeside_cave
Lair:3:   layout_regular_city, nicolae_swamp_entry_spooky,
          spider_nest_entry_funnel_web, gammafunk_ghost_grave
Lair:4:   layout_regular_city, minmay_slime_entry_pillars,
          hangedman_lair_generics_rect, infiniplex_staircase_pool_2
Lair:5:   due_jungle_book, layout_concentric_octagons,
          ebering_ghost_disaster_area, chequers_serial_rivers_room_b,
          eino_house_with_fridge
Orc:1:    layout_caves, basic_altar
Orc:2:    st_orc_congregation, layout_caves, basic_altar, uniq_sonja,
          uniq_azrael, uniq_erolcha

Skill      XL: |  1  2  3  4  5  6  7  8  9 10 11 12 13 14 15 16 |
---------------+-------------------------------------------------+-----
Unarmed Combat | 4 5 6 8 9 10 11 13 14 15 18 20 | 20.0
Fighting       | 5 6 7 8 10 11 13 14 | 14.4
Throwing       | 4 8 10 11 | 11.7
Shields        | 5 6 8 |  8.0
Translocations | 4 |  4.0
Fire Magic     | 4 |  4.0
Dodging        | 3 |  3.4
Ice Magic      | 6 |  6.0
Spellcasting   | |  1.0

Action                     |  1- 3 |  4- 6 |  7- 9 | 10-12 | 13-15 | 16-18 || total
---------------------------+-------+-------+-------+-------+-------+-------++-------
  Melee: Unarmed           |    88 |   105 |   253 |   612 |  1328 |   323 ||  2709
         Punch             |       |       |     8 |       |       |       ||     8
   Fire: Sling             |       |       |    12 |       |       |       ||    12
  Throw: Dart              |       |     2 |       |    12 |       |       ||    14
         Boomerang         |       |     2 |       |       |    70 |       ||    72
         Large rock        |       |       |       |       |     7 |       ||     7
   Cast: Scorch            |       |       |     5 |    17 |     2 |       ||    24
         Frozen Ramparts   |       |       |       |       |     9 |     1 ||    10
 Invoke: Fiery Armour      |       |       |       |     2 |     4 |       ||     6
Ability: Lunge             |       |       |       |       |       |    48 ||    48
         Whirlwind         |       |       |       |       |       |    13 ||    13
  Evoke: Wand              |       |     3 |     3 |       |     2 |     1 ||     9
    Use: Scroll            |       |     1 |    16 |     2 |    17 |     1 ||    37
         Potion            |       |       |       |     1 |     4 |     1 ||     6
   Stab: Sleeping          |     2 |       |     1 |       |       |       ||     3
         Paralysed         |       |       |       |       |       |     1 ||     1
 Armour: Robe              |    51 |    48 |   124 |       |       |       ||   223
         Troll leather arm |       |       |       |   310 |   865 |   174 ||  1349
  Dodge: Dodged            |    36 |    36 |   161 |   221 |   599 |    98 ||  1151
  Block: Kite shield       |       |       |    29 |   270 |   531 |    83 ||   913

Table legend: (Time is in decaauts)
 A = Elapsed time spent in this place.
 B = Non-inter-level travel time spent in this place.
 C = Inter-level travel time spent in this place.
 D = Time resting spent in this place.
 E = Time spent auto-exploring this place.
 F = Levels seen in this place.
 G = Mean time per level.
                   A        B        C        D        E       F      G
               +--------+--------+--------+--------+--------+-----+--------+
         Total |  22436 |  20472 |   1964 |   2537 |  12197 |  24 |  934.8 |
       Dungeon |  13213 |  11771 |   1442 |    980 |   8180 |  15 |  880.9 |
        Temple |      1 |      1 |      0 |      0 |      0 |   1 |    1.0 |
          Lair |   7146 |   6639 |    507 |    885 |   3511 |   5 | 1429.2 |
  Orcish Mines |   1219 |   1205 |     14 |    207 |    506 |   2 |  609.5 |
      Ice Cave |    856 |    856 |      0 |    465 |      0 |   1 |  856.0 |
               +--------+--------+--------+--------+--------+-----+--------+

Top non-repeatable levels by time:
  Lair:5: 2168 daAuts
    D:15: 1332 daAuts
  Lair:1: 1309 daAuts
     D:9: 1299 daAuts
  Lair:2: 1278 daAuts
     D:6: 1233 daAuts
  Lair:4: 1211 daAuts
    D:10: 1187 daAuts
  Lair:3: 1179 daAuts
     D:2: 926 daAuts
    D:13: 904 daAuts
    D:11: 864 daAuts
   IceCv: 856 daAuts
     D:3: 815 daAuts
    D:12: 790 daAuts
